 Dungeon Crawl Stone Soup version 0.26.1-15-g04117e645d (webtiles) character file.

Game seed: 5272102036623569537

11557 bootyos the Spear-Bearer (level 11, -21/80 HPs)
             Began as a Merfolk Gladiator on May 8, 2022.
             Was a Follower of Uskayaw.
             Killed by refrigeration
             ... invoked by Fannar
              (27 damage)
             ... on level 10 of the Dungeon on May 9, 2022.
             The game lasted 00:52:36 (11522 turns).

bootyos the Spear-Bearer (Merfolk Gladiator)       Turns: 11522, Time: 00:52:36

Health: -21/80     AC: 14    Str: 15 (17) XL:     11   Next: 79%
Magic:  11/14      EV: 18    Int:  7      God:    Uskayaw [*.....]
Gold:   644        SH:  5    Dex: 24 (25) Spells: 9/10 levels left

rFire    + . .     SeeInvis .   v - +3 scythe (pain)
rCold    . . .     Faith    .   (shield currently unavailable)
rNeg     . . .     Spirit   .   m - +1 acid dragon scales
rPois    .         Reflect  +   b - +2 hat
rElec    .         Harm     .   i - +0 cloak
rCorr    +         Rampage  .   y - +0 pair of gloves
Will     .....                  c - +0 pair of boots
Stlth    ++++......             t - amulet of reflection
HPRegen  0.23/turn              f - ring of protection from fire
MPRegen  0.14/turn              w - +6 ring of dexterity

@: no status effects
A: change form in water, swift swim, stealthy swim, claws 1, agile 1, blink,
deterioration 2, frail 1, MP-powered wands
a: Blink, Renounce Religion, Stomp


You were on level 10 of the Dungeon.
You worshipped Uskayaw.
Uskayaw was noncommittal.
You visited 1 branch of the dungeon, and saw 11 of its levels.

You collected 644 gold pieces.

Inventory:

Hand Weapons
 a - a +0 trident
 v - a +3 scythe of pain (weapon)
 B - the +7 rapier of the Other Side {vamp, rF+ Int+4}
   (You found it on level 9 of the Dungeon)

   It inflicts no extra harm, but heals its wielder when it wounds a living foe.
   It affects your intelligence (+4).
   It protects you from fire.
Missiles
 d - 2 throwing nets
Armour
 b - a +2 hat (worn)
 c - a +0 pair of boots (worn)
 i - a +0 cloak (worn)
 m - +1 acid dragon scales (worn)
 y - a +0 pair of gloves (worn)
Magical Staves
 r - an uncursed staff of cold
Jewellery
 f - a ring of protection from fire (left hand)
 o - an uncursed ring of willpower {unknown}
 t - an amulet of reflection (around neck)
 w - a +6 ring of dexterity (right hand)
Wands
 l - a wand of disintegration (6)
 q - a wand of iceblast (8)
 x - a wand of flame (8) (quivered)
 A - a wand of enslavement (9)
 C - a wand of digging (12)
 F - a wand of random effects (18)
Scrolls
 k - 3 scrolls of amnesia
 p - 8 scrolls of remove curse
 s - a scroll of magic mapping
 u - 5 scrolls of teleportation
 E - a scroll of identify
Potions
 e - 2 potions of lignification
 g - 2 potions of brilliance
 h - 2 potions of haste
 n - a potion of flight
 z - a potion of curing
 D - a potion of might


   Skills:
 + Level 9.5 Fighting
 * Level 14.5 Polearms
 - Level 2.5 Throwing
 + Level 6.4 Armour
 - Level 7.9 Dodging
 - Level 7.3 Stealth
 - Level 5.1 Invocations


You had 9 spell levels left.
You knew the following spells:

 Your Spells              Type           Power        Failure   Level
a - Beastly Appendage     Tmut           0%           52%         1

Your spell library contained the following spells:

 Spells                   Type           Power        Failure   Level
 Magic Dart               Conj           0%           52%         1
 Blink                    Tloc           N/A          67%         2
 Call Imp                 Summ           0%           67%         2
 Slow                     Hex            0%           67%         2
 Wereblood                Tmut           0%           67%         2
 Conjure Flame            Conj/Fire      0%           88%         3
 Dazzling Flash           Conj/Hex       0%           88%         3
 Mephitic Cloud           Conj/Pois/Air  0%           88%         3
 Spider Form              Tmut/Pois      0%           88%         3
 Stone Arrow              Conj/Erth      0%           88%         3
 Ice Form                 Ice/Tmut       0%           99%         4
 Blade Hands              Tmut           0%           100%        5
 Lightning Bolt           Conj/Air       0%           100%        5
 Conjure Ball Lightning   Conj/Air       0%           100%        6


Dungeon Overview and Level Annotations

Branches:
Dungeon (11/15)            Temple (0/1) D:7
   Lair: D:8-11         Orc: D:9-12

Altars:
Ashenzari
Fedhas
Hepliaklqana
Trog
Uskayaw
Wu Jian
The Shining One

Annotations:
D:7 2 transporters, lake5's ghost, novice GrEE
D:10 Fannar


Innate Abilities, Weirdness & Mutations

You revert to your normal form in water.
You are very nimble and swift while swimming.
You are very stealthy in the water. (Stealth+)
You have sharp fingernails.
You are agile. (Dex +2)
You can translocate small distances at will.
Your body often deteriorates upon taking damage.
You are frail. (-10% HP)
You expend magic power (3 MP) to strengthen your wands.


Message History

You closely miss the ice beast.
Fannar mumbles some strange words.
Fannar drains the heat from the surrounding environment!
You feel very cold.
Your body deteriorates!
You feel weakened.
Fannar is frozen.
Fannar resists.
The ice beast barely misses you.
You slash the ice beast!
The ice beast is heavily wounded.
The ice beast hits you but does no damage.
Fannar mumbles some strange words.
Fannar drains the heat from the surrounding environment!
You feel very cold.
* * * LOW HITPOINT WARNING * * *
Fannar is frozen.
Fannar resists.
The ice beast completely misses you.
You slash the ice beast!
The ice beast is almost dead.
Fannar casts a spell.
Fannar drains the heat from the surrounding environment!
You feel very cold.
You die...

*,*****,,,,,>,*#######..# #.#
*,,,*,,,******* #†....#.# #.#
***,*,*** #.####..#######.#
*,,,* #.# #..........# *****
#.# #..........# #.#
######.###.# #.# #.# #.#
#####.# #.# #.# #)eY@.# #.#
#.# #)##### #.###.# #.#
#.##... ********#e# #....#. *
*,,,,,,,..# ###.### *
*,,,,,,,..# #..#. *
*,,,,,,.#.# **#######... *
*,,,,,,$#.# *,.......... *
*,,*,,,,*,********,########..


You could see Fannar (icy armour) and an ice beast (summoned).

Vanquished Creatures
  Gastronok (D:8)
  Erolcha (D:10)
  Pikel (D:8)
  Maurice (D:8)
  Joseph (D:7)
  Maggie (D:8)
  2 trolls (D:9)
  A hornet (D:8)
  Prince Ribbit (D:5)
  Sigmund (D:4)
  Eustachio (D:4)
  15 yaks
  Menkaure (D:5)
  A water moccasin (D:8)
  3 orc warriors
  2 black bears
  3 ice beasts
  A necrophage (D:9)
  A centaur (D:6)
  2 ogres
  3 phantoms
  A big kobold (D:8)
  A lemure (D:8)
  Blork the orc (D:5)
  6 bullfrogs
  2 scorpions (D:6)
  7 wights
  17 killer bees
  A quasit (D:10)
  A bullfrog zombie (D:7)
  7 orc priests
  4 jellies
  4 hounds
  2 bullfrog skeletons
  3 iguanas
  2 orc wizards
  7 worker ants
  A hound skeleton (D:5)
  A worker ant zombie (D:9)
  A howler monkey skeleton (D:7)
  4 gnolls (D:5)
  11 adders
  2 shadow imps
  A white imp (D:10)
  3 ufetubi
  2 oozes (D:4)
  2 adder skeletons
  An adder zombie (D:8)
  3 worms
  A dart slug (D:3)
  5 leopard geckos
  27 orcs
  6 bats
  3 giant cockroaches
  5 goblins
  8 hobgoblins
  20 jackals
  4 quokkas
  A ball python (D:1)
  7 frilled lizards
  14 kobolds
  A quokka skeleton (D:6)
  6 rats
250 creatures vanquished.

Vanquished Creatures (collateral kills)
  An adder (D:8)
1 creature vanquished.

Vanquished Creatures (others)
  A big kobold (D:8)
  An orc (D:10)
  A kobold (D:8)
3 creatures vanquished.

Grand Total: 254 creatures vanquished

Notes
Turn   | Place    | Note
-------+----------+-------------------------------------------
     0 | D:1      | bootyos the Merfolk Gladiator began the quest for the Orb.
     0 | D:1      | Reached XP level 1. HP: 16/16 MP: 1/1
   175 | D:1      | Reached XP level 2. HP: 23/23 MP: 2/2
   214 | D:1      | Gained mutation: You expend magic power (3 MP) to
                  | strengthen your wands. [potion of mutation]
   214 | D:1      | Gained mutation: Your mind is acute. (Int +2) [potion of
                  | mutation]
   214 | D:1      | Gained mutation: You have sharp fingernails. [potion of
                  | mutation]
   311 | D:1      | Reached XP level 3. HP: 25/28 MP: 3/3
   997 | D:2      | Reached skill level 5 in Polearms
  1263 | D:2      | Reached XP level 4. HP: 30/34 MP: 4/4
  1589 | D:2      | Reached skill level 1 in Stealth
  1659 | D:2      | Lost mutation: Your mind is acute. (Int +2) [potion of
                  | mutation]
  1659 | D:2      | Gained mutation: Your body sometimes deteriorates upon
                  | taking damage. [potion of mutation]
  1659 | D:2      | Gained mutation: Your body often deteriorates upon taking
                  | damage. [potion of mutation]
  1659 | D:2      | Gained mutation: You are strong-willed. (Will+) [potion of
                  | mutation]
  2050 | D:3      | Found a broken altar of Ashenzari.
  2270 | D:3      | Reached XP level 5. HP: 41/41 MP: 5/5
  2471 | D:3      | Reached skill level 5 in Dodging
  2564 | D:3      | Found a blossoming altar of Fedhas.
  2707 | D:4      | Reached skill level 6 in Polearms
  3043 | D:4      | Noticed an ogre
  3086 | D:4      | Reached XP level 6. HP: 47/48 MP: 6/6
  3325 | D:4      | Noticed Sigmund
  3354 | D:4      | Killed Sigmund
  3355 | D:4      | Reached skill level 7 in Polearms
  3355 | D:4      | Reached XP level 7. HP: 42/55 MP: 7/7
  3719 | D:5      | Entered Level 5 of the Dungeon
  3719 | D:5      | Noticed Eustachio
  3791 | D:4      | Killed Eustachio
  4093 | D:5      | Lost mutation: You are strong-willed. (Will+) [potion of
                  | mutation]
  4093 | D:5      | Gained mutation: You are agile. (Dex +2) [potion of
                  | mutation]
  4093 | D:5      | Gained mutation: You are frail. (-10% HP) [potion of
                  | mutation]
  4093 | D:5      | Gained mutation: You can translocate small distances at
                  | will. [potion of mutation]
  4132 | D:5      | Noticed Menkaure
  4145 | D:5      | Reached skill level 8 in Polearms
  4193 | D:5      | Killed Menkaure
  4194 | D:5      | Reached skill level 5 in Fighting
  4194 | D:5      | Reached XP level 8. HP: 7/55 MP: 8/8
  4592 | D:5      | Noticed Blork the orc
  4600 | D:5      | Killed Blork the orc
  4636 | D:5      | Noticed Prince Ribbit
  4655 | D:5      | Killed Prince Ribbit
  4656 | D:5      | Reached skill level 9 in Polearms
  5065 | D:5      | Found a hide-covered altar of Uskayaw.
  5065 | D:5      | Found a hazy altar of Hepliaklqana.
  5071 | D:5      | Became a worshipper of Uskayaw the Reveller
  5260 | D:6      | Found an ornate altar of the Wu Jian Council.
  5347 | D:6      | Found a bloodstained altar of Trog.
  5353 | D:6      | Reached * piety under Uskayaw
  5355 | D:6      | Reached ** piety under Uskayaw
  5356 | D:6      | Reached skill level 5 in Stealth
  5378 | D:6      | Reached *** piety under Uskayaw
  5611 | D:6      | Reached skill level 10 in Polearms
  5755 | D:6      | Reached XP level 9. HP: 62/62 MP: 9/9
  5874 | D:6      | Reached skill level 1 in Armour
  6214 | D:7      | Reached **** piety under Uskayaw
  6218 | D:7      | Reached skill level 1 in Invocations
  6310 | D:7      | Found a transporter.
  6312 | D:7      | Found a transporter.
  6325 | D:7      | Noticed lake5's ghost (novice GrEE)
  6389 | D:7      | Reached skill level 11 in Polearms
  6574 | D:7      | Noticed Joseph
  6590 | D:7      | Killed Joseph
  6822 | D:7      | Noticed a four-headed hydra
  6953 | D:7      | Found a staircase to the Ecumenical Temple.
  7296 | D:8      | Noticed Maggie
  7334 | D:8      | Killed Maggie
  7335 | D:8      | Reached XP level 10. HP: 22/71 MP: 3/12
  7750 | D:8      | Noticed Maurice
  7807 | D:8      | You are sucked into a shaft and drop 2 floors!
  7807 | D:10     | Entered Level 10 of the Dungeon
  7808 | D:10     | Noticed Erolcha
  8297 | D:10     | Paralysed by Erolcha for 6 turns
  8306 | D:10     | Killed Erolcha
  8307 | D:10     | Reached skill level 12 in Polearms
  8307 | D:10     | Reached skill level 5 in Armour
  8739 | D:8      | Reached skill level 5 in Invocations
  8745 | D:8      | Noticed Pikel
  8775 | D:8      | Killed Pikel
  8913 | D:8      | Found a glowing golden altar of the Shining One.
  9014 | D:8      | Reached XP level 11. HP: 60/78 MP: 14/14
  9409 | D:8      | Killed Maurice
  9410 | D:8      | Reached skill level 13 in Polearms
  9430 | D:8      | Noticed Gastronok
  9448 | D:8      | Killed Gastronok
 10057 | D:9      | Got a polished rapier
 10058 | D:9      | Identified the +7 rapier of the Other Side {vamp, rF+
                  | Int+4} (You found it on level 9 of the Dungeon)
 10464 | D:9      | Learned a level 1 spell: Beastly Appendage
 10501 | D:9      | Reached skill level 14 in Polearms
 11200 | D:10     | Reached ***** piety under Uskayaw
 11449 | D:10     | Identified Sif Muna's Reference Book on Blows and Bruises
 11509 | D:10     | Noticed Fannar
 11522 | D:10     | Killed from afar by Fannar

Illustrated notes

Levels and vault maps discovered:
D:1:      dpeg_arrival_orchard, layout_basic
D:2:      layout_basic
D:3:      layout_rooms, fedhas_altar_fruit_tree, ashenzari_altar_1
D:4:      layout_cave_pools, uniq_sigmund
D:5:      layout_rooms, gammafunk_temple_overflow_wave, uniq_blork_the_orc,
          uniq_menkaure, uniq_eustachio, uniq_prince_ribbit1
D:6:      layout_basic, lemuel_crystal_altar, kennysheep_minor_cross,
          trog_butcher_becter
D:7:      layout_rooms, temple_hall, nzn_ghost_randoct, uniq_joseph
D:8:      layout_basic, nicolae_tso_carved_into_rock, uniq_pikel, uniq_maurice,
          uniq_gastronok, uniq_maggie
D:9:      kennysheep_spiral_hall, layout_basic
D:10:     layout_loops_ring, uniq_erica, uniq_erolcha, uniq_fannar
D:11:     layout_basic, erik_lair_island, nicolae_trove_entry_diagonal,
          uniq_psyche

Skill      XL: |  1  2  3  4  5  6  7  8  9 10 11 |
---------------+----------------------------------+-----
Polearms       | 5 6 7 8 10 11 12 14 | 14.5
Fighting       | 3 4 5 6 7 8 9 |  9.5
Stealth        | 1 2 3 4 5 7 |  7.3
Dodging        | 5 6 7 |  7.9
Armour         | 3 5 6 |  6.4
Invocations    | 3 5 |  5.1
Throwing       | |  2.5

Action                   |  1- 3 |  4- 6 |  7- 9 | 10-12 || total
-------------------------+-------+-------+-------+-------++-------
Melee: Trident           |   133 |   268 |     2 |       ||   403
       Scythe            |       |       |   255 |   341 ||   596
       Unarmed           |       |       |       |    48 ||    48
Invok: Stomp             |       |       |     4 |     5 ||     9
       Line Pass         |       |       |       |     2 ||     2
 Abil: Blink             |       |       |     2 |       ||     2
Evoke: Wand              |       |       |     2 |     9 ||    11
  Use: Scroll            |     4 |     5 |     6 |     4 ||    19
       Potion            |     2 |     5 |     9 |     3 ||    19
 Stab: Sleeping          |     5 |     2 |     8 |    14 ||    29
       Distracted        |       |       |     3 |     1 ||     4
       Paralysed         |       |       |     4 |    11 ||    15
       Confused          |       |       |       |     1 ||     1
Armor: Leather armour    |    29 |    46 |       |       ||    75
       Ring mail         |       |    27 |   110 |       ||   137
       Skin              |       |       |    15 |    12 ||    27
       Acid dragon scale |       |       |       |    99 ||    99
Dodge: Dodged            |    88 |   212 |   293 |   440 ||  1033
Block: Other             |       |     1 |    98 |   111 ||   210
       Reflection        |       |       |     2 |     3 ||     5
